 Dungeon Crawl Stone Soup version 0.22-a0-603-gfc1114d (webtiles) character file.

422 jjfam the Chopper (level 6, -2/56 HPs)
             Began as a Hill Orc Fighter on July 7, 2018.
             Killed from afar by an orc wizard (8 damage)
             ... with a magic dart
             ... on level 4 of the Dungeon on July 17, 2018.
             The game lasted 00:09:54 (3457 turns).

jjfam the Chopper (Hill Orc Fighter)                Turns: 3457, Time: 00:09:55

Health: -2/56      AC: 14    Str: 21    XL:     6   Next: 95%
Magic:  6/6        EV:  4    Int:  8    God:
Gold:   290        SH:  9    Dex: 10    Spells: 5/5 levels left

rFire    . . .     SeeInvis .   a - +0 war axe
rCold    . . .     Gourm    .   c - +0 shield
rNeg     . . .     Faith    .   j - +0 plate armour
rPois    .         Spirit   .   u - +0 helmet
rElec    .         Reflect  .   (no cloak)
rCorr    .         Harm     .   (no gloves)
MR       .....                  k - +0 pair of boots (curse)
Stlth    ..........             (no amulet)
HPRegen  0.18/turn              (no ring)
MPRegen  0.10/turn              (no ring)

@: no status effects
A: no striking features
a: no special abilities


You were on level 4 of the Dungeon.
You were not hungry.

You visited 1 branch of the dungeon, and saw 4 of its levels.

You collected 290 gold pieces.

Inventory:

Hand Weapons
 a - a +0 war axe (weapon)
Armour
 c - a +0 shield (worn)
 j - a +0 plate armour (worn)
 k - a cursed +0 pair of boots (worn)
 r - a +0 pair of boots
 u - a +0 helmet (worn)
Wands
 t - a wand of flame (22)
Scrolls
 e - 3 scrolls of identify {unknown}
 i - 3 scrolls of amnesia {unknown}
 l - 3 scrolls of teleportation {unknown}
 n - a scroll of fog {unknown}
 o - 2 scrolls of blinking {unknown}
Potions
 b - 2 potions of flight {unknown}
 d - a potion of might
 h - 4 potions of curing {unknown}
 m - 2 potions of lignification {unknown}
 p - 3 potions of haste {unknown}
 q - 2 potions of mutation {unknown}
 s - a potion of cancellation {unknown}
Comestibles
 f - 3 rations
 g - 2 chunks of flesh


   Skills:
 + Level 5.4 Fighting
 + Level 7.7 Axes
 - Level 4.0 Armour
 - Level 3.6 Shields


You had 5 spell levels left.
You didn't know any spells.
Your spell library was empty.

Dungeon Overview and Level Annotations

Branches:
Dungeon (4/15)
 Temple: D:4-7

Altars:
Kikubaaqudgha


Message History

The bullfrog skeleton hits you.
You barely miss the orc wizard.
The orc wizard is heavily wounded.
Your shield and plate armour prevent you from hitting the bullfrog skeleton.
The orc wizard hits you but does no damage.
You block the bullfrog skeleton's attack.
The orc wizard hits you but does no damage.
You are electrocuted!
* * * LOW HITPOINT WARNING * * *
You block the bullfrog skeleton's attack.
You closely miss the orc wizard.
The orc wizard is heavily wounded.
You slash the bullfrog skeleton!
The orc wizard points at you and mumbles some strange words.
The magic dart hits you!
* * * LOW HITPOINT WARNING * * *
You block the bullfrog skeleton's attack.
The orc wizard gestures at you while chanting.
The magic dart hits you!
You die...

....###.###..##.... ..
.##...........#.##. ..
.#.......####.#.# . .
....####.# ...# .# ..
.....# #.#####..# #.#.##
#..#.# #.....#..##......
#.##.# ##...........####
#.##.####.##....)Z......
#.##...##.##....@.......
#.####..........o..#####
..# ####.##..........
..## ...............#
...#........#.........#
......#######.........#
...#### #.........# ...#
#.........# ...#


You could see an orc wizard and a bullfrog skeleton.

Vanquished Creatures
  An ice beast (D:3)
  An ogre (D:4)
  An iguana (D:3)
  A worker ant (D:3)
  3 gnolls (D:4)
  4 adders
  2 oozes
  2 worms
  8 dart slugs
  3 leopard geckos
  5 orcs
  4 giant cockroaches
  9 goblins
  6 hobgoblins
  3 jackals (D:1)
  3 kobolds
  5 quokkas
  4 ball pythons
  8 bats
  5 frilled lizards
  A jackal skeleton (D:4)
  A leopard gecko skeleton (D:4)
  A quokka skeleton (D:4)
  14 rats
  2 plants (D:3)
97 creatures vanquished.

Vanquished Creatures (others)
  A plant (D:3)
1 creature vanquished.

Grand Total: 98 creatures vanquished

Notes
Turn   | Place    | Note
-------+----------+-------------------------------------------
     0 | D:1      | jjfam the Hill Orc Fighter began the quest for the Orb.
     0 | D:1      | Reached XP level 1. HP: 19/19 MP: 1/1
   103 | D:1      | Reached XP level 2. HP: 20/27 MP: 2/2
   543 | D:1      | Reached skill level 3 in Axes
   543 | D:1      | Reached XP level 3. HP: 33/33 MP: 3/3
  1449 | D:2      | Reached skill level 4 in Axes
  1449 | D:2      | Reached XP level 4. HP: 40/40 MP: 4/4
  1755 | D:3      | Found an ancient bone altar of Kikubaaqudgha.
  2025 | D:3      | Reached skill level 5 in Axes
  2104 | D:3      | Reached XP level 5. HP: 39/47 MP: 5/5
  2203 | D:3      | Noticed an ice beast
  2211 | D:3      | Killed an ice beast
  2211 | D:3      | Reached skill level 6 in Axes
  2366 | D:3      | Reached XP level 6. HP: 34/55 MP: 6/6
  2379 | D:3      | Reached skill level 5 in Fighting
  3230 | D:4      | Reached skill level 7 in Axes
  3457 | D:4      | Killed from afar by an orc wizard

Vault maps used:
D:1:      mrwooster_arrival_statue_3, minmay_rat_gold_closets
D:3:      wad_woods_stonehenge, minmay_divided_ellipse
D:4:      grunt_temple_overflow_lords_of_destruction, serial_shops,
          nicolae_shop_stone

Skill      XL: |  1  2  3  4  5  6 |
---------------+-------------------+-----
Axes           | 3 4 5 6 7 |  7.7
Armour         | 4 |  4.0
Fighting       | 4 5 |  5.4
Shields        | |  3.6

Action                   |  1- 3 |  4- 6 || total
-------------------------+-------+-------++-------
Melee: War axe           |   129 |   213 ||   342
  Eat: Chunk             |     2 |     3 ||     5
       Ration            |       |     1 ||     1
Armor: Scale mail        |    24 |       ||    24
       Plate armour      |    40 |   133 ||   173
Dodge: Dodged            |    28 |    29 ||    57
Block: Shield            |    63 |   126 ||   189

Table legend:
 A = Spawn XP
 B = Non-spawn XP
 C = Spawn XP percentage of total XP
 D = Spawn monster count
 E = Non-spawn monster count
 F = Spawn count percentage of total count
 G = Total turns spent on level
                    A         B        C        D         E        F      G
               +---------+---------+-------+---------+---------+-------+---------
         Total |       0 |     603 |   0.0 |       0 |      95 |   0.0 |  3457
               +---------+---------+-------+---------+---------+-------+---------
           D:1 |       0 |      57 |   0.0 |       0 |      27 |   0.0 |   951
           D:2 |       0 |      49 |   0.0 |       0 |      20 |   0.0 |   711
           D:3 |       0 |     305 |   0.0 |       0 |      32 |   0.0 |  1556
           D:4 |       0 |     192 |   0.0 |       0 |      16 |   0.0 |   239
               +---------+---------+-------+---------+---------+-------+---------
